Map: Submarine LE

Players

Rogue

  • Race: Zerg Zerg
  • Spawn Location: 11:00

Serral - Winner!

  • Race: Zerg Zerg
  • Spawn Location: 5:00

Event: StayAtHome Story Cup #3

VOD

Have the link to the VOD?

Description

Time

  • Played on: March 13, 2021, 12:04 p.m.
  • Length: 5:07

All games in this series

Show
View Real Time Build Order
Export as new Build Order

Rogue Zerg 

Build Orders: Pool First 

Get SALT Encoding   

  12  0:00  Drone  
  13  0:13  Overlord  
  13  0:17  Drone  
  14  0:31  Drone x2  
  14  0:35  Drone  
  17  0:45  Extractor  
  17  0:46  Drone  
  17  0:49  Spawning Pool  
  16  0:56  Drone  
  17  1:07  Drone  
  18  1:16  Hatchery  
  17  1:26  Drone  
  18  1:35  Queen  
  18  1:36  Zergling x2  
  21  1:45  Metabolic Boost  
  21  1:49  Overlord  
  21  1:53  Drone  
  22  2:06  Baneling Nest  
  21  2:08  Drone  
  21  2:13  Queen  
  24  2:16  Zergling x2  
  25  2:23  Zergling x2  
  25  2:29  Zergling x2  
  27  2:34  Zergling x2  
  28  2:40  Zergling x2  
  30  2:44  Zergling x6  
  30  2:48  Zergling x2  
  30  2:50  Baneling x2  
  33  2:53  Overlord  
  33  2:57  Drone  
  34  3:01  Drone  
  35  3:07  Drone  
  36  3:13  Drone  
  36  3:18  Drone  
  36  3:19  Drone x3  
  40  3:25  Drone x3  
  39  3:29  Drone  
  38  3:37  Drone x2  
  40  3:45  Overlord  
  40  3:48  Drone  
  40  3:53  Hatchery  
  40  3:57  Evolution Chamber  
  40  4:00  Drone x3  
  42  4:04  Drone x2  
  42  4:07  Drone x2  
  46  4:11  Overlord  
  46  4:13  Drone  
  47  4:17  Baneling  
  47  4:20  Zergling x2  
  47  4:23  Zergling x2  
  47  4:24  Zergling x2  
  50  4:25  Zergling x2  
  50  4:26  Zergling x2  
  52  4:33  Roach Warren  
  52  4:36  Extractor x2, Zergling x8  
  52  4:37  Zergling x2  
  54  4:45  Drone  
  55  4:46  Drone  
  56  4:54  Drone  
  56  4:55  Hatchery  
  58  5:03  Spine Crawler  
Show
View Real Time Build Order
Export as new Build Order

Serral Zerg - Winner!

Build Orders: Hatch First 

Get SALT Encoding   

  12  0:00  Drone  
  13  0:12  Overlord  
  13  0:16  Drone  
  14  0:30  Drone x2  
  16  0:47  Hatchery  
  15  0:50  Drone  
  15  0:53  Drone  
  17  1:08  Spawning Pool  
  17  1:10  Extractor  
  15  1:13  Drone  
  15  1:16  Drone  
  17  1:20  Drone  
  18  1:28  Drone  
  19  1:38  Drone  
  20  1:49  Overlord  
  20  1:57  Queen  
  20  2:00  Queen  
  24  2:01  Zergling x2  
  24  2:03  Drone  
  26  2:11  Zergling x2  
  26  2:12  Drone, Metabolic Boost  
  28  2:22  Drone x2  
  30  2:31  Drone  
  30  2:32  Drone  
  30  2:35  Queen  
  34  2:40  Queen  
  36  2:44  Overlord  
  36  2:49  Overlord  
  35  3:02  Evolution Chamber  
  35  3:03  Roach Warren  
  35  3:05  Evolution Chamber  
  32  3:09  Evolution Chamber  
  31  3:13  Drone, Evolution Chamber  
  31  3:15  Drone  
  32  3:20  Drone x2  
  32  3:25  Zergling x4  
  36  3:31  Roach Warren  
  37  3:37  Drone  
  37  3:38  Drone x2  
  37  3:40  Drone  
  41  3:49  Zergling x4  
  41  3:54  Extractor  
  41  3:55  Overlord  
  42  4:02  Overlord  
  42  4:17  Roach x4  
  42  4:20  Roach x4  
  58  4:24  Roach  
  58  4:27  Roach  
  62  4:36  Overlord  
  62  4:37  Zergling x6  
  65  4:47  Baneling Nest  
  65  4:48  Zergling x6  
Tags
 
Add a new tag
Caveats
  • Supply blocks, unpowered buildings, or Contaminate may cause inaccurate times.
  • Supply counts are checked every 10 seconds.